 Dungeon Crawl Stone Soup version 0.28-a0-768-g8c92f1e708 (webtiles) character file.

Game seed: 13453000722075368121

588 GenialerGandalf the Chopper (level 7, -11/61 HPs)
             Began as a Hill Orc Fighter on Oct 31, 2021.
             Mangled by Prince Ribbit (14 damage)
             ... on level 5 of the Dungeon.
             The game lasted 00:13:39 (8535 turns).

GenialerGandalf the Chopper (Hill Orc Fighter)      Turns: 8535, Time: 00:13:40

Health: -11/61     AC:  8    Str: 21    XL:     7   Next: 38%
Magic:  10/10      EV: 10    Int:  8    God:
Gold:   167        SH:  4    Dex: 10    Spells: 10/10 levels left

rFire   + . .      SeeInvis .   a - +0 war axe
rCold   + . .      Faith    .   c - +0 buckler
rNeg    . . .      Spirit   .   b - +0 scale mail
rPois   .          Reflect  .   e - +0 helmet
rElec   .          Harm     .   v - scarf {rC+ rF+}
rCorr   .          Rampage  .   (no gloves)
Will    .....                   (no boots)
Stlth   ..........              (no amulet)
HPRegen 0.20/turn               (no ring)
MPRegen 0.12/turn               (no ring)

@: no status effects
A: no striking features
a: no special abilities


You were on level 5 of the Dungeon.
You visited 2 branches of the dungeon, and saw 6 of its levels.

You collected 167 gold pieces.

Inventory:

Hand Weapons
 a - a +0 war axe (weapon)
Missiles
 h - 5 boomerangs (quivered)
Armour
 b - a +0 scale mail (worn)
 c - a +0 buckler (worn)
 e - a +0 helmet (worn)
 v - a scarf of resistance (worn)
 w - a +0 tower shield
Magical Staves
 u - a staff of cold
Scrolls
 f - a scroll of fog
 i - 2 scrolls of identify {unknown}
 j - a scroll of noise {unknown}
 m - a scroll of blinking {unknown}
 n - a scroll of magic mapping {unknown}
 o - 2 scrolls of teleportation
 p - a scroll of amnesia {unknown}
 q - a scroll of acquirement {unknown}
 t - a scroll of enchant weapon {unknown}
Potions
 d - 2 potions of might
 g - 2 potions of curing {unknown}
 k - a potion of lignification {unknown}
 l - a potion of haste
 r - a potion of resistance {unknown}
 s - a potion of brilliance {unknown}


   Skills:
 + Level 5.1 Fighting
 + Level 6.2 Axes
 + Level 5.0 Armour
 + Level 1.0 Dodging
 + Level 4.1 Shields
 * Level 2.1 Spellcasting


You had 10 spell levels left.
You didn't know any spells.
Your spell library was empty.

Dungeon Overview and Level Annotations

Branches:
Dungeon (5/15)             Temple (1/1) D:5

Altars:
Cheibriados
Elyvilon
Fedhas
Hepliaklqana
Kikubaaqudgha
Okawaru
Qazlal
Trog
Uskayaw
Vehumet
Xom
Zin
The Shining One

Annotations:
D:5 Prince Ribbit


Message History

Prince Ribbit hops awkwardly around.
Prince Ribbit hits you!
You hit Prince Ribbit but do no damage.
Prince Ribbit is lightly wounded.
You slash the water moccasin skeleton!
You block the water moccasin skeleton's attack.
Prince Ribbit barely misses you.
The water moccasin skeleton closely misses you.
You hit Prince Ribbit.
Prince Ribbit is moderately wounded.
You hit the water moccasin skeleton. Prince Ribbit hits you.
The water moccasin skeleton bites you but does no damage.
Prince Ribbit hits you!
You closely miss Prince Ribbit.
Prince Ribbit is moderately wounded.
You slash the water moccasin skeleton!
You destroy the water moccasin skeleton!
You block Prince Ribbit's attack.
Prince Ribbit hits you but does no damage.
Your Armour skill increases to level 5!
You slash Prince Ribbit!
Prince Ribbit is heavily wounded.
Prince Ribbit hits you but does no damage.
You miss Prince Ribbit.
Prince Ribbit is heavily wounded.
Prince Ribbit lets out a mournful croak.
Prince Ribbit hits you! Prince Ribbit barely misses you.
You completely miss Prince Ribbit.
Prince Ribbit is heavily wounded.
Prince Ribbit hits you!
* * * LOW HITPOINT WARNING * * *
Prince Ribbit closely misses you.
You slash Prince Ribbit!
Prince Ribbit is severely wounded.
Prince Ribbit hits you!
* * * LOW HITPOINT WARNING * * *
You miss Prince Ribbit.
Prince Ribbit is severely wounded.
Prince Ribbit misses you. Prince Ribbit hits you!
You die...

######## ##### #......#
#...# #......# #...#
#......# #..>#
#####.########..F#######
#...............@.......
#.#.#.########...####...
..#.#.# ......# #...#.#
.......... #.###.#
.....$...### #.# #.#
.........# #.# #.#
.._......# #.# #.#
.........# #.#


You could see Prince Ribbit.

Vanquished Creatures
  A black bear (D:3)
  A scorpion (D:3)
  A water moccasin skeleton (D:5)
  A bullfrog skeleton (D:5)
  2 hounds
  5 orc wizards (D:4)
  A gnoll (D:1)
  6 adders
  A shadow imp (D:5)
  A worm (D:4)
  3 dart slugs
  13 orcs (D:4)
  5 bats
  6 endoplasms
  3 giant cockroaches
  6 goblins
  11 hobgoblins
  4 jackals (D:1)
  5 quokkas
  9 ball pythons
  6 frilled lizards
  6 kobolds
  4 rats
101 creatures vanquished.

Notes
Turn   | Place    | Note
-------+----------+-------------------------------------------
     0 | D:1      | GenialerGandalf the Hill Orc Fighter began the quest for
                  | the Orb.
     0 | D:1      | Reached XP level 1. HP: 19/19 MP: 1/1
    46 | D:1      | Reached XP level 2. HP: 21/27 MP: 2/2
   256 | D:1      | Reached XP level 3. HP: 27/33 MP: 3/3
   259 | D:1      | Reached skill level 3 in Axes
  1647 | D:2      | Reached XP level 4. HP: 41/41 MP: 4/4
  1690 | D:2      | Found a glowing golden altar of the Shining One.
  2079 | D:2      | Found a faded altar of an unknown god.
  2340 | D:3      | Reached skill level 4 in Axes
  2445 | D:3      | Noticed a black bear
  2452 | D:3      | Killed a black bear
  2453 | D:3      | Reached XP level 5. HP: 43/47 MP: 5/5
  2734 | D:3      | Reached skill level 5 in Axes
  2734 | D:3      | Reached skill level 1 in Spellcasting
  2734 | D:3      | Reached XP level 6. HP: 33/53 MP: 7/7
  3795 | D:4      | Found a hide-covered altar of Uskayaw.
  3843 | D:4      | Reached skill level 5 in Fighting
  4008 | D:4      | Found an ancient bone altar of Kikubaaqudgha.
  4247 | D:4      | Reached skill level 6 in Axes
  4247 | D:4      | Reached XP level 7. HP: 40/61 MP: 9/9
  4695 | D:5      | Entered Level 5 of the Dungeon
  4778 | D:5      | Reached skill level 1 in Dodging
  4854 | D:5      | Found a staircase to the Ecumenical Temple.
  4866 | Temple   | Entered the Ecumenical Temple
  8523 | D:5      | Found a snail-covered altar of Cheibriados.
  8523 | D:5      | Noticed Prince Ribbit
  8531 | D:5      | Reached skill level 5 in Armour
  8534 | D:5      | HP: 3/61 [Prince Ribbit (10)]
  8535 | D:5      | Mangled by Prince Ribbit

Illustrated notes

Levels and vault maps discovered:
D:1:      minmay_arrival_jagged, layout_loops_corners, minmay_quantized
D:2:      layout_basic, hellmonk_ecumenical_altar_pennies_from_heaven,
          basic_altar, st_stairs_1
D:3:      layout_loops_ring, minmay_misc_feat_room, st_stairs_8
D:4:      layout_loops_ring, lemuel_round_altar, marbit_many_paths,
          item_on_display_b
D:5:      layout_basic, cheibriados_altar_1, gammafunk_temple_overflow_claw,
          temple_hall, serial_shops, nicolae_take_the_stairs,
          uniq_prince_ribbit1
Temple:   compressed_dpeg_circular_temple

Skill      XL: |  1  2  3  4  5  6  7 |
---------------+----------------------+-----
Fighting       | 4 5 |  5.1
Axes           | 3 4 5 6 |  6.2
Armour         | 4 5 |  5.0
Spellcasting   | 1 2 |  2.1
Shields        | 4 |  4.1
Dodging        | 1 |  1.0

Action                   |  1- 3 |  4- 6 |  7- 9 || total
-------------------------+-------+-------+-------++-------
Melee: War axe           |   103 |   169 |    37 ||   309
  Use: Scroll            |       |     2 |       ||     2
       Potion            |       |     1 |       ||     1
Armor: Scale mail        |    93 |    70 |    11 ||   174
Dodge: Dodged            |    72 |    84 |    25 ||   181
Block: Buckler           |    40 |    42 |     9 ||    91

Table legend: (Time is in decaauts)
 A = Elapsed time spent in this place.
 B = Non-inter-level travel time spent in this place.
 C = Inter-level travel time spent in this place.
 D = Time resting spent in this place.
 E = Time spent auto-exploring this place.
 F = Levels seen in this place.
 G = Mean time per level.
                   A        B        C        D        E       F      G
               +--------+--------+--------+--------+--------+-----+--------+
         Total |   8607 |   8372 |    235 |   3047 |   2365 |   6 | 1434.5 |
       Dungeon |   5199 |   4964 |    235 |     74 |   2365 |   5 | 1039.8 |
        Temple |   3407 |   3407 |      0 |   2973 |      0 |   1 | 3407.0 |
               +--------+--------+--------+--------+--------+-----+--------+

Top non-repeatable levels by time:
  Temple: 3407 daAuts
     D:1: 1402 daAuts
     D:3: 1273 daAuts
     D:4: 1175 daAuts
     D:2: 910 daAuts
     D:5: 438 daAuts
